BSA
SAN FRANCISCO BANDITS @ BAFFIN ISLAND BEAVERS
07/21/2030
 
TOP OF THE 1ST
San Francisco Bandits batting - Pitching for Baffin Island Beavers : LHP Roberto Barrón
Pitching: LHP Roberto Barrón
Batting: RHB Peter Bishop 0-0: Foul Ball, location: 2F
0-1: Ball
1-1: Ball
2-1: Foul Ball, location: 2F
2-2: Fly out, F7 (Flyball, 7D)
Batting: RHB Scott Merritt 0-0: Swinging Strike
0-1: Ball
1-1: Ball
2-1: Ball
3-1: Called Strike
3-2: Base on Balls
Batting: LHB Chris Austin 0-0: Ball
1-0: Ball
2-0: Called Strike
2-1: Foul Ball, location: 2F
2-2: Foul Ball, location: 2F
2-2: Ball
3-2: Foul Ball, location: 2F
3-2: Foul Ball, location: 2F
3-2: Fly out, F7 (Flyball, 7LD)
Batting: RHB Owen Carter 0-0: Called Strike
0-1: Fielders Choice at 2nd, 6-4 (Groundball, 6)
Top of the 1st over - 0 runs, 0 hits, 0 errors, 1 left on base; San Francisco 0 - Baffin Island 0
BOTTOM OF THE 1ST
Baffin Island Beavers batting - Pitching for San Francisco Bandits : LHP Esteban Peña
Pitching: LHP Esteban Peña
Batting: RHB Alden Isenhood 0-0: Ball
1-0: Ball
2-0: Ball
3-0: Base on Balls
Batting: LHB Albert Morgan 0-0: Called Strike
0-1: Ball
Wild Pitch!
Alden Isenhood to second
1-1: Fly out, F7 (Flyball, 7S)
Batting: LHB Howard Evans 0-0: Ball
1-0: Ball
Wild Pitch!
Alden Isenhood to third
2-0: Fly out, F8 (Flyball, 8RXD)
Runner from 3rd tags up, SCORES, no throw
Batting: RHB Paco Arellano 0-0: Called Strike
0-1: Ball
1-1: Swinging Strike
1-2: Strikes out swinging
Bottom of the 1st over - 1 run, 0 hits, 0 errors, 0 left on base; San Francisco 0 - Baffin Island 1
TOP OF THE 2ND
San Francisco Bandits batting - Pitching for Baffin Island Beavers : LHP Roberto Barrón
Batting: RHB Dale Taylor 0-0: Ground out 6-3 (Groundball, 6)
Batting: RHB Michael Elliott 0-0: Ball
1-0: Fly out, F4 (Popup, 4MD)
Batting: RHB Javier Ramírez 0-0: Foul Ball, location: 2F
0-1: Fly out, F9 (Line Drive, 9)
Top of the 2nd over - 0 runs, 0 hits, 0 errors, 0 left on base; San Francisco 0 - Baffin Island 1
BOTTOM OF THE 2ND
Baffin Island Beavers batting - Pitching for San Francisco Bandits : LHP Esteban Peña
Batting: RHB Dave Craig 0-0: Ball
1-0: Called Strike
1-1: Ball
2-1: Swinging Strike
2-2: Foul Ball, location: 2F
2-2: Foul Ball, location: 2F
2-2: Strikes out swinging
Batting: SHB Alonso Ferreira 0-0: Ball
1-0: Ball
2-0: Ball
3-0: Called Strike
3-1: SINGLE (Line Drive, 89M)
Batting: LHB Mike MacFadden 0-0: Swinging Strike
0-1: Called Strike
0-2: Ball
1-2: Fly out, F7 (Flyball, 7)
Batting: LHB Felipe Guerrero 0-0: SINGLE (Groundball, 34D)
Alonso Ferreira to second
Runner from 2nd tries for 3rd, SAFE, no throw
Pinch Runner at 3rd Max Rash:
Batting: RHB Pedro Rosado 0-0: Called Strike
0-1: Ball
1-1: Fly out, F7 (Flyball, 78XD)
Bottom of the 2nd over - 0 runs, 2 hits, 0 errors, 2 left on base; San Francisco 0 - Baffin Island 1
TOP OF THE 3RD
San Francisco Bandits batting - Pitching for Baffin Island Beavers : LHP Roberto Barrón
Now at 1B: Max Rash
Batting: SHB Terry Dailey 0-0: Ball
1-0: Foul Ball, location: 2F
1-1: Foul Ball, location: 2F
1-2: Foul Ball, location: 2F
1-2: Ball
2-2: Ball
3-2: SINGLE (Groundball, 15S) (infield hit)
Batting: RHB Lorenzo Mota 0-0: Called Strike
0-1: Called Strike
0-2: Strikes out swinging
Batting: RHB Peter Bishop 0-0: Ball
1-0: Ball
2-0: Called Strike
2-1: Foul Ball, location: 2F
2-2: Foul Ball, location: 2F
2-2: Fly out, F7 (Flyball, 7)
Batting: RHB Scott Merritt 0-0: Ball
1-0: Called Strike
1-1: Called Strike
1-2: Ball
2-2: Fly out, F7 (Line Drive, 7D)
Top of the 3rd over - 0 runs, 1 hit, 0 errors, 1 left on base; San Francisco 0 - Baffin Island 1
BOTTOM OF THE 3RD
Baffin Island Beavers batting - Pitching for San Francisco Bandits : LHP Esteban Peña
Batting: RHB Alden Isenhood 0-0: Ground out 4-3 (Groundball, 34)
Batting: LHB Albert Morgan 0-0: Called Strike
0-1: Ball
1-1: Called Strike
1-2: Ball
2-2: Ground out U3 (Groundball, 34)
Batting: LHB Howard Evans 0-0: Ball
1-0: Ball
2-0: Ground out 6-3 (Groundball, 4M)
Bottom of the 3rd over - 0 runs, 0 hits, 0 errors, 0 left on base; San Francisco 0 - Baffin Island 1
TOP OF THE 4TH
San Francisco Bandits batting - Pitching for Baffin Island Beavers : LHP Roberto Barrón
Batting: LHB Chris Austin 0-0: Called Strike
0-1: Ball
1-1: Ball
2-1: Foul Ball, location: 2F
2-2: Strikes out swinging, 2-3 out at first.
Batting: RHB Owen Carter 0-0: Called Strike
0-1: Ball
1-1: Ball
2-1: Swinging Strike
2-2: Ball
3-2: Foul Ball, location: 2F
3-2: Base on Balls
Batting: RHB Dale Taylor 0-0: Called Strike
0-1: Grounds into double play, 5-4-3 (Groundball, 56)
Top of the 4th over - 0 runs, 0 hits, 0 errors, 0 left on base; San Francisco 0 - Baffin Island 1
BOTTOM OF THE 4TH
Baffin Island Beavers batting - Pitching for San Francisco Bandits : LHP Esteban Peña
Batting: RHB Paco Arellano 0-0: Called Strike
0-1: Called Strike
0-2: Ground out 6-3 (Groundball, 6)
Batting: RHB Dave Craig 0-0: Ground out 6-3 (Groundball, 6)
Batting: RHB Max Rash 0-0: Called Strike
0-1: Ball
1-1: Fly out, F8 (Line Drive, 8RXD)
Bottom of the 4th over - 0 runs, 0 hits, 0 errors, 0 left on base; San Francisco 0 - Baffin Island 1
TOP OF THE 5TH
San Francisco Bandits batting - Pitching for Baffin Island Beavers : LHP Roberto Barrón
Batting: RHB Michael Elliott 0-0: Ball
1-0: DOUBLE (Line Drive, 7D)
Batting: RHB Javier Ramírez 0-0: Fly out, F3 (Popup, 3SF)
Batting: SHB Terry Dailey 0-0: Fly out, F9 (Flyball, 9S)
Batting: RHB Lorenzo Mota 0-0: SINGLE (Line Drive, 89S)
Michael Elliott to third
Runner from 3rd tries for Home, SAFE, no throw
Batting: RHB Peter Bishop 0-0: Ball
1-0: Called Strike
1-1: 2-RUN HOME RUN (Flyball, 7LD), Distance : 385 ft
Batting: RHB Scott Merritt 0-0: Ground out 5-3 (Groundball, 56S)
Top of the 5th over - 3 runs, 3 hits, 0 errors, 0 left on base; San Francisco 3 - Baffin Island 1
BOTTOM OF THE 5TH
Baffin Island Beavers batting - Pitching for San Francisco Bandits : LHP Esteban Peña
Batting: LHB Mike MacFadden 0-0: Foul Ball, location: 2F
0-1: Ball
1-1: Ball
2-1: Ground out 4-3 (Groundball, 4)
Batting: LHB Felipe Guerrero 0-0: Ball
1-0: Foul Ball, location: 2F
1-1: Foul Ball, location: 2F
1-2: Foul Ball, location: 2F
1-2: Strikes out swinging, 2-3 out at first.
Batting: RHB Pedro Rosado 0-0: Ball
1-0: Foul Ball, location: 2F
1-1: TRIPLE (Line Drive, 8LXD)
Batting: RHB Alden Isenhood 0-0: Called Strike
0-1: Called Strike
0-2: Ball
1-2: Ground out 4-3 (Groundball, 4S)
Bottom of the 5th over - 0 runs, 1 hit, 0 errors, 1 left on base; San Francisco 3 - Baffin Island 1
TOP OF THE 6TH
San Francisco Bandits batting - Pitching for Baffin Island Beavers : LHP Roberto Barrón
Batting: LHB Chris Austin 0-0: Ball
1-0: Called Strike
1-1: Foul Ball, location: 2F
1-2: Foul Ball, location: 2F
1-2: Strikes out swinging
Batting: RHB Owen Carter 0-0: Ball
1-0: Fly out, F8 (Line Drive, 8RS)
Batting: RHB Dale Taylor 0-0: Ball
1-0: Ball
2-0: Ball
3-0: Base on Balls
Batting: RHB Michael Elliott 0-0: Called Strike
0-1: Ball
1-1: Ball
2-1: Ball
3-1: Fly out, F3 (Popup, 23F)
Top of the 6th over - 0 runs, 0 hits, 0 errors, 1 left on base; San Francisco 3 - Baffin Island 1
BOTTOM OF THE 6TH
Baffin Island Beavers batting - Pitching for San Francisco Bandits : LHP Esteban Peña
Batting: LHB Albert Morgan 0-0: Ball
1-0: Called Strike
1-1: Called Strike
1-2: Strikes out swinging
Batting: LHB Howard Evans 0-0: Ball
1-0: Ball
2-0: Fly out, F9 (Flyball, 89D)
Batting: RHB Paco Arellano 0-0: SINGLE (Flyball, 9LS)
Batting: RHB Dave Craig 0-0: Fielders Choice at 2nd, 5-4 (Groundball, 56)
Bottom of the 6th over - 0 runs, 1 hit, 0 errors, 1 left on base; San Francisco 3 - Baffin Island 1
TOP OF THE 7TH
San Francisco Bandits batting - Pitching for Baffin Island Beavers : LHP Roberto Barrón
Pitching: LHP Braydon Schute
Batting: RHB Javier Ramírez 0-0: Swinging Strike
0-1: Swinging Strike
0-2: Strikes out swinging
Batting: SHB Terry Dailey 0-0: Called Strike
0-1: Ground out 3-1 (Groundball, 34)
Batting: RHB Lorenzo Mota 0-0: Ground out 1-3 (Groundball, P)
Top of the 7th over - 0 runs, 0 hits, 0 errors, 0 left on base; San Francisco 3 - Baffin Island 1
BOTTOM OF THE 7TH
Baffin Island Beavers batting - Pitching for San Francisco Bandits : LHP Esteban Peña
Now at 3B: Jaime Spiridon
Batting: RHB Max Rash 0-0: Ball
1-0: Called Strike
1-1: Ball
2-1: Swinging Strike
2-2: Foul Ball, location: 2F
2-2: Ball
3-2: Foul Ball, location: 2F
3-2: Ground out 5-3 (Groundball, 5S)
Batting: LHB Mike MacFadden 0-0: SINGLE (Groundball, 13S) (infield hit)
Batting: LHB Felipe Guerrero 0-0: SINGLE (Groundball, 56D)
Mike MacFadden to second
Batting: RHB Pedro Rosado 0-0: Ball
1-0: Ball
2-0: Ball
3-0: Called Strike
3-1: Fly out, F8 (Flyball, 89D)
Batting: RHB Alden Isenhood 0-0: Ball
1-0: Called Strike
1-1: Swinging Strike
1-2: Fly out, F3 (Popup, 23F)
Bottom of the 7th over - 0 runs, 2 hits, 0 errors, 2 left on base; San Francisco 3 - Baffin Island 1
TOP OF THE 8TH
San Francisco Bandits batting - Pitching for Baffin Island Beavers : LHP Braydon Schute
Batting: RHB Peter Bishop 0-0: Called Strike
0-1: DOUBLE (Line Drive, 7LM)
Batting: RHB Scott Merritt 0-0: Intentional Walk
Pinch Hitting: RHB Millard Stark 0-0: Called Strike
0-1: Foul Ball, location: 2F
0-2: Grounds into double play, 5-4-3 (Groundball, 5)
Peter Bishop to third
Batting: RHB Owen Carter 0-0: Called Strike
0-1: Ball
1-1: Ground out 6-3 (Groundball, 6D)
Top of the 8th over - 0 runs, 1 hit, 0 errors, 1 left on base; San Francisco 3 - Baffin Island 1
BOTTOM OF THE 8TH
Baffin Island Beavers batting - Pitching for San Francisco Bandits : LHP Esteban Peña
Pitching: RHP Mitsunari Taguchi
Now in LF: Millard Stark
Batting: LHB Albert Morgan 0-0: Ball
1-0: Ball
2-0: Called Strike
2-1: Foul Ball, location: 2F
2-2: Foul Ball, location: 2F
2-2: Foul Ball, location: 2F
2-2: SINGLE (Groundball, 3D)
Batting: LHB Howard Evans 0-0: Called Strike
0-1: Ball
1-1: Ball
2-1: Ball
Wild Pitch!
Albert Morgan to second
3-1: 2-RUN HOME RUN (Flyball, 9D), Distance : 417 ft
Pitching: RHP Brad Sharpe
Batting: RHB Paco Arellano 0-0: Ball
1-0: Called Strike
1-1: Ball
2-1: Foul Ball, location: 2F
2-2: Foul Ball, location: 2F
2-2: Strikes out swinging
Batting: RHB Dave Craig 0-0: Ball
1-0: Foul Ball, location: 2F
1-1: Foul Ball, location: 2F
1-2: Ball
2-2: Ball
3-2: Foul Ball, location: 2F
3-2: SINGLE (Flyball, 9S)
Batting: RHB Max Rash 0-0: SINGLE (Groundball, 5D)
Dave Craig to second
Batting: LHB Mike MacFadden 0-0: Called Strike
0-1: Swinging Strike
0-2: Foul Ball, location: 2F
0-2: Foul Ball, location: 2F
0-2: Ball
1-2: Ball
2-2: Ball
3-2: Fly out, F6 (Popup, 6)
Batting: LHB Felipe Guerrero 0-0: Called Strike
0-1: Called Strike
0-2: Foul Ball, location: 2F
0-2: Strikes out looking
Bottom of the 8th over - 2 runs, 4 hits, 0 errors, 2 left on base; San Francisco 3 - Baffin Island 3
TOP OF THE 9TH
San Francisco Bandits batting - Pitching for Baffin Island Beavers : LHP Braydon Schute
Batting: RHB Dale Taylor 0-0: Foul Ball, location: 2F
0-1: Ball
1-1: Ball
2-1: Fly out, F7 (Line Drive, 78D)
Batting: RHB Michael Elliott 0-0: Called Strike
0-1: Ball
1-1: Ball
2-1: Ground out 6-3 (Groundball, 6S)
Batting: RHB Javier Ramírez 0-0: Ball
1-0: Swinging Strike
1-1: Called Strike
1-2: Ball
2-2: Foul Ball, location: 2F
2-2: Hit by Pitch
Batting: SHB Terry Dailey 0-0: Fly out, F7 (Flyball, 78D)
Top of the 9th over - 0 runs, 0 hits, 0 errors, 1 left on base; San Francisco 3 - Baffin Island 3
BOTTOM OF THE 9TH
Baffin Island Beavers batting - Pitching for San Francisco Bandits : RHP Brad Sharpe
Pitching: RHP Kunihiko Daikawa
Batting: RHB Pedro Rosado 0-0: SINGLE (Line Drive, 9S)
Batting: RHB Alden Isenhood 0-0: Ball
1-0: Ball
2-0: Sac Bunt - play at first, batter OUT! 5-4
Pedro Rosado to second
Batting: LHB Albert Morgan 0-0: Foul Ball, location: 2F
0-1: SINGLE (Groundball, 4D)
Pedro Rosado to third
Runner from 3rd tries for Home, SAFE, no throw
Saturday, April 7th, 2018 - OOTP Baseball 18.8 Build 76